 Dungeon Crawl Stone Soup version 0.26-a0-611-g354ed81502 (webtiles) character file.

Game seed: 8782882019079713601

106 Peloso the Shield-Bearer (level 4, -5/40 HPs)
             Began as a Minotaur Fighter on Sept 6, 2020.
             Splashed by Ijyb's acid (16 damage)
             ... on level 3 of the Dungeon.
             The game lasted 00:03:34 (2757 turns).

Peloso the Shield-Bearer (Minotaur Fighter)         Turns: 2757, Time: 00:03:34

Health: -5/40      AC:  7    Str: 21    XL:     4   Next: 55%
Magic:  3/3        EV:  7    Int:  5    God:
Gold:   79         SH:  9    Dex: 10    Spells: 3/3 levels left

rFire    . . .     SeeInvis .   a - +0 long sword
rCold    . . .     Faith    .   c - +0 kite shield
rNeg     . . .     Spirit   .   b - +0 scale mail
rPois    .         Reflect  .   (helmet restricted)
rElec    .         Harm     .   (no cloak)
rCorr    .                      (no gloves)
MR       .....                  (no boots)
Stlth    ..........             (no amulet)
HPRegen  0.13/turn              (no ring)
MPRegen  0.08/turn              (no ring)

@: no status effects
A: retaliatory headbutt, horns 2
a: no special abilities


You were on level 3 of the Dungeon.
You visited 1 branch of the dungeon, and saw 3 of its levels.

You collected 79 gold pieces.

Inventory:

Hand Weapons
 a - a +0 long sword (weapon)
Missiles
 m - 24 bolts
Armour
 b - a +0 scale mail (worn)
 c - a +0 kite shield (worn)
Jewellery
 f - an uncursed ring of protection from magic {unknown}
Wands
 n - a wand of digging (2)
Scrolls
 e - a scroll of remove curse {unknown}
 g - a scroll of enchant armour {unknown}
 j - 2 scrolls of immolation {unknown}
 o - a scroll of random uselessness {unknown}
 q - a scroll of identify {unknown}
Potions
 d - a potion of might
 h - a potion of haste {unknown}
 i - a potion of cancellation {unknown}
 k - 2 potions of lignification {unknown}
 l - a potion of curing {unknown}
 p - a potion of resistance {unknown}
 r - a potion of mutation {unknown}


   Skills:
 + Level 4.2 Fighting
 + Level 3.4 Long Blades
 + Level 4.6 Armour
 + Level 0.5 Dodging
 + Level 4.7 Shields


You had 3 spell levels left.
You didn't know any spells.
Your spell library was empty.

Dungeon Overview and Level Annotations

Branches:
Dungeon (3/15)

Altars:

Annotations:
D:3 Ijyb


Innate Abilities, Weirdness & Mutations

You reflexively headbutt those who attack you in melee.
You have a pair of horns on your head.


Message History

Ijyb the Twisted Goblin comes into view.
She is wielding a +0 dagger and carrying a wand of acid (10).
The goblin throws a stone.
The stone hits you but does no damage.
You see here a stone.
Ijyb shouts!
Found a stone staircase leading down.
Your shield and scale mail prevent you from hitting the goblin.
Ijyb zaps a wand.
The bolt of acid hits the goblin!!
The goblin is splashed with acid.
The goblin dies!
The bolt of acid hits you!
You are splashed with acid!
Unknown command.
Evoke which item? (* to show all) (? for menu, Esc to quit)
Okay, then.
Items here: $ ( ) ? †.
Ijyb hits you but does no damage.
You completely miss Ijyb. Ijyb hits you but does no damage.
Ijyb zaps a wand.
The bolt of acid hits you!
* * * LOW HITPOINT WARNING * * *
You are splashed with acid!
You die...

.# .# .#### .##.# .#.###
# .....# .#
'#...#############.#####
.........(.......g...>..
..........(.((.)@#
..##############.# ...#
#.# ...# #'# ...# ...
...# ... ...# .... ...#
..... ...#


You could see Ijyb.

Vanquished Creatures
  Jessica (D:3)
  4 adders
  3 dart slugs
  3 leopard geckos
  2 bats (D:1)
  2 giant cockroaches (D:1)
  5 goblins
  5 hobgoblins
  4 quokkas
  2 ball pythons (D:2)
  4 kobolds
35 creatures vanquished.

Vanquished Creatures (others)
  A goblin (D:3)
1 creature vanquished.

Grand Total: 36 creatures vanquished

Notes
Turn   | Place    | Note
-------+----------+-------------------------------------------
     0 | D:1      | Peloso the Minotaur Fighter began the quest for the Orb.
     0 | D:1      | Reached XP level 1. HP: 19/19 MP: 0/0
   648 | D:1      | Reached XP level 2. HP: 27/27 MP: 1/1
  1366 | D:2      | Reached XP level 3. HP: 16/33 MP: 2/2
  2382 | D:3      | Noticed Jessica
  2401 | D:3      | Killed Jessica
  2401 | D:3      | Reached XP level 4. HP: 33/40 MP: 3/3
  2752 | D:3      | Noticed Ijyb
  2757 | D:3      | Splashed by Ijyb's acid

Illustrated notes

Levels and vault maps discovered:
D:1:      heliophobic_arrival_battle_scene, layout_basic
D:2:      layout_loops_corners
D:3:      layout_basic, chequers_ecumenical_altar_grove, uniq_ijyb, uniq_jessica

Skill      XL: |  1  2  3 |
---------------+----------+-----
Shields        | 4 |  4.7
Fighting       | 4 |  4.2
Armour         | 4 |  4.6
Long Blades    | 3 |  3.4
Dodging        | |  0.5

Action                   |  1- 3 |  4- 6 || total
-------------------------+-------+-------++-------
Melee: Long sword        |    74 |    14 ||    88
       Headbutt          |    14 |     3 ||    17
Armor: Scale mail        |    35 |     6 ||    41
Dodge: Dodged            |    21 |     5 ||    26
Block: Kite shield       |    29 |    11 ||    40
       Rpst.: Long sword |    10 |     2 ||    12

Table legend: (Time is in decaauts)
 A = Elapsed time spent in this place.
 B = Non-inter-level travel time spent in this place.
 C = Inter-level travel time spent in this place.
 D = Time resting spent in this place.
 E = Time spent auto-exploring this place.
 F = Levels seen in this place.
 G = Mean time per level.
                   A        B        C        D        E       F      G
               +--------+--------+--------+--------+--------+-----+--------+
         Total |   2786 |   2724 |     62 |      0 |   2388 |   3 |  928.7 |
       Dungeon |   2786 |   2724 |     62 |      0 |   2388 |   3 |  928.7 |
               +--------+--------+--------+--------+--------+-----+--------+

Top non-repeatable levels by time:
     D:1: 1227 daAuts
     D:2: 1160 daAuts
     D:3: 398 daAuts
